 Dungeon Crawl Stone Soup version 0.23.2-1-ga50397a6bc (webtiles) character file.

Game seed: 11180367239066378983

1623929 Ge0ff the Conqueror (level 27, 377/377 HPs)
             Began as an Ogre Wizard on May 3, 2019.
             Was a High Priest of Hepliaklqana.
             Escaped with the Orb
             ... and 3 runes on May 5, 2019!
             The game lasted 09:03:27 (87133 turns).

Ge0ff the Conqueror (Ogre Wizard)                  Turns: 87133, Time: 09:03:28

Health: 377/377    AC: 34    Str: 19    XL:     27
Magic:  47/47      EV: 11    Int: 26    God:    Hepliaklqana [*****.]
Gold:   589        SH: 22    Dex:  4    Spells: 0/66 levels left

rFire    + + .     SeeInvis .   a - +9 double sword (slice)
rCold    + + .     Gourm    .   P - +5 shield {rC+ rF+}
rNeg     + . .     Faith    .   (armour currently unavailable)
rPois    ∞         Spirit   .   Y - +2 hat
rElec    +         Reflect  +   x - +2 cloak
rCorr    +         Harm     .   (gloves unavailable)
MR       +++..                  (boots unavailable)
Stlth    +.........             D - +5 amulet of reflection
HPRegen  0.72/turn              O - ring of Faot {rCorr rPois rF+ MR+ Dex-3, =R}
MPRegen  0.30/turn              n - ring of protection from cold

@: statue-form, very slow
A: large, unfitting armour, reduced essence, dopey 1
0: Orb of Zot
}: 3/15 runes: silver, obsidian, abyssal
a: End Transformation, Recall Ancestor, Ancestor Identity, Transference,
Idealise, Renounce Religion


You escaped.
You worshipped Hepliaklqana.
Hepliaklqana was extremely pleased with you.
You were very full.
You were a stone statue.
You visited 10 branches of the dungeon, and saw 47 of its levels.
You visited the Abyss 7 times.
You also visited: Trove.

You collected 9283 gold pieces.
You spent 8694 gold pieces at shops.

Inventory:

Hand Weapons
 a - a +9 double sword of slicing (weapon)
 w - the +6 dagger "Nomoy" {pierce, rElec Str+3 Int+2 SInv}
   (You took it off a deep elf annihilator on level 3 of the Elven Halls)

   It inflicts extra damage upon your enemies.
   It affects your strength (+3).
   It affects your intelligence (+2).
   It insulates you from electricity.
   It lets you see invisible.
Missiles
 h - 165 large rocks (quivered)
 L - 5 throwing nets {!f}
Armour
 c - a +4 troll leather armour (melded)
 x - a +2 cloak (worn)
 P - a +5 shield of resistance (worn)
 Y - a +2 hat (worn)
Magical Staves
 b - an uncursed staff of energy {!a}
Jewellery
 f - a +3 ring of dexterity
 n - a ring of protection from cold (right hand)
 t - the ring of Vabaluf {rPois rC- rN+++ Str-3 Int+6}
   (You took it off a deep elf sorcerer on level 3 of the Elven Halls)

   [ring of poison resistance]

   It affects your strength (-3).
   It affects your intelligence (+6).
   It makes you vulnerable to cold.
   It protects you from poison.
   It renders you almost immune to negative energy.
 D - a +5 amulet of reflection (around neck)
 O - the ring of Faot (left hand) {rCorr rPois rF+ MR+ Dex-3, =R}
   (You bought it in a shop on level 1 of the Orcish Mines)

   [ring of resist corrosion]

   It affects your dexterity (-3).
   It protects you from fire.
   It protects you from poison.
   It affects your resistance to hostile enchantments.
Wands
 d - a wand of digging (23)
 e - a wand of enslavement (15)
 j - a wand of acid (19)
 k - a wand of iceblast (8)
 p - a wand of paralysis (23)
 s - a wand of disintegration (41)
Scrolls
 i - 11 scrolls of identify
 m - 4 scrolls of magic mapping
 u - a scroll of holy word
 y - 6 scrolls of immolation
 B - 6 scrolls of blinking
 C - 28 scrolls of remove curse
 E - 3 scrolls of fear
 F - 5 scrolls of fog
 J - 2 scrolls of silence {!r}
 S - a scroll of summoning
 T - 24 scrolls of teleportation
 V - a scroll of vulnerability
Potions
 o - 3 potions of ambrosia
 q - 4 potions of curing
 z - 10 potions of brilliance
 A - 7 potions of agility
 H - 4 potions of haste {!q}
 I - 6 potions of invisibility
 K - 2 potions of magic {!q}
 M - 7 potions of might
 N - 6 potions of cancellation {!q}
 Q - 3 potions of mutation
 R - 3 potions of resistance
 W - 8 potions of heal wounds {!q}
 X - 3 potions of flight
 Z - 3 potions of berserk rage {!q}
Miscellaneous
 g - a fan of gales
 l - a lightning rod (4/4)
 v - a lamp of fire
 G - the horn of Geryon
 U - 2 phantom mirrors
Comestibles
 r - 33 rations


   Skills:
 O Level 27 Fighting
 - Level 16.0 Long Blades
 + Level 17.7 Throwing
 - Level 5.0 Armour
 - Level 10.0 Dodging
 - Level 5.0 Stealth
 - Level 15.0 Shields
 - Level 20.0 Spellcasting
 - Level 10.0 Conjurations
 - Level 9.5 Hexes
 - Level 3.0 Charms
 - Level 7.0 Summonings
 - Level 9.0 Necromancy
 - Level 4.0 Translocations
 - Level 12.0 Transmutations
   Level 3.0 Fire Magic
 - Level 7.0 Air Magic
 - Level 14.0 Earth Magic
   Level 3.0 Poison Magic
 - Level 15.0 Invocations
 - Level 12.0 Evocations


You couldn't memorise any spells.
You knew the following spells:

 Your Spells              Type           Power        Failure   Level  Hunger
a - Dispel Undead         Necr           ######..     1%          5    None
b - Statue Form           Tmut/Erth      #######..    1%          6    ##.....
c - Blink                 Tloc           N/A          1%          2    None
d - Invisibility          Hex            ######..     4%          6    ##.....
e - Irradiate             Conj/Tmut      ######....   1%          5    None
g - Apportation           Tloc           #####.       1%          1    None
h - Lee's Rapid Deconstr  Erth           #######...   1%          5    None
k - Bolt of Draining      Conj/Necr      ######....   1%          5    None
l - Summon Lightning Spi  Summ/Air       ######..     1%          4    None
m - Iron Shot             Conj/Erth      ######....   1%          6    ##.....
n - Corona                Hex            ######.      1%          1    None
o - Summon Butterflies    Summ           ######..     1%          1    None
r - Regeneration          Chrm/Necr      ######....   1%          3    None
v - Summon Mana Viper     Hex/Summ       ######..     1%          5    None
w - Passwall              Tmut/Erth      #######.     0%          2    None
y - Yara's Violent Unrav  Hex/Tmut       ######....   1%          5    None
z - Animate Dead          Necr           N/A          1%          4    None

Your spell library contained the following spells:

 Spells                   Type           Power        Failure   Level  Hunger
 Sandblast                Erth           ######       0%          1    None
 Animate Skeleton         Necr           N/A          1%          1    None
 Confusing Touch          Hex            ######       1%          1    None
 Infusion                 Chrm           ####         1%          1    None
 Magic Dart               Conj           ####         1%          1    None
 Pain                     Necr           ####         1%          1    None
 Sting                    Conj/Pois      ####         1%          1    None
 Summon Small Mammal      Summ           ####         1%          1    None
 Call Imp                 Summ           ######..     1%          2    None
 Corpse Rot               Necr           N/A          1%          2    None
 Ensorcelled Hibernation  Hex/Ice        ######       1%          2    None
 Poisonous Vapours        Pois/Air       ######       1%          2    None
 Shroud of Golubria       Chrm/Tloc      #####.....   1%          2    None
 Slow                     Hex            ######..     1%          2    None
 Song of Slaying          Chrm           #####...     1%          2    None
 Sublimation of Blood     Necr           ######....   1%          2    None
 Confuse                  Hex            ######..     1%          3    None
 Conjure Flame            Conj/Fire      ######..     1%          3    None
 Dazzling Spray           Conj/Hex       ######       1%          3    None
 Gell's Gravitas          Tloc           #####.....   1%          3    None
 Ignite Poison            Fire/Tmut/Pois ######..     1%          3    None
 Lesser Beckoning         Tloc           #####.....   1%          3    None
 Mephitic Cloud           Conj/Pois/Air  ######..     1%          3    None
 Recall                   Summ/Tloc      N/A          1%          3    None
 Spectral Weapon          Hex/Chrm       ######..     1%          3    None
 Stone Arrow              Conj/Erth      ######       1%          3    None
 Summon Guardian Golem    Hex/Summ       ######..     1%          3    None
 Tukima's Dance           Hex            ######..     1%          3    None
 Vampiric Draining        Necr           ######....   1%          3    None
 Ice Form                 Ice/Tmut       ######..     1%          4    None
 Leda's Liquefaction      Hex/Erth       ######....   1%          4    None
 Petrify                  Tmut/Erth      #######.     1%          4    None
 Agony                    Necr           ######..     1%          5    None
 Alistair's Intoxication  Tmut/Pois      ######..     1%          5    None
 Bolt of Magma            Conj/Fire/Erth ######....   1%          5    None
 Ozocubu's Armour         Chrm/Ice       ####....     2%          3    None
 Excruciating Wounds      Chrm/Necr      ######....   3%          5    None
 Iskenderun's Battlesphe  Conj/Chrm      ######..     3%          5    None
 Venom Bolt               Conj/Pois      ######....   3%          5    None
 Olgreb's Toxic Radiance  Pois           #####...     4%          4    None
 Darkness                 Hex            ######....   4%          6    ##.....
 Metabolic Englaciation   Hex/Ice        ######....   6%          5    None
 Orb of Destruction       Conj           ######....   22%         7    ####...
 Freezing Cloud           Conj/Ice/Air   ######....   24%         6    ##.....
 Bolt of Cold             Conj/Ice       ######....   32%         6    ##.....
 Simulacrum               Ice/Necr       #####.....   36%         6    ##.....
 Spellforged Servitor     Conj/Summ      ######....   38%         7    ####...
 Dispersal                Tloc           #####.....   43%         6    ##.....
 Ozocubu's Refrigeration  Ice            ####......   94%         6    ##.....
 Ring of Flames           Chrm/Fire      #####.....   99%         7    ####...
 Shatter                  Erth           #######...   99%         9    #######
 Dragon's Call            Summ           ######....   100%        9    #######


Dungeon Overview and Level Annotations

Branches:
Dungeon (15/15)            Temple (1/1) D:4            Lair (0/6) D:10
    Orc (2/2) D:11            Elf (3/3) Orc:2        Vaults (5/5) D:14
  Crypt (3/3) Vaults:3       Tomb (0/3) Crypt:3      Depths (5/5) D:15
   Hell (1/1)                 Dis (0/7) Hell            Geh (7/7) Hell
    Coc (0/7) Hell            Tar (0/7) Hell            Zot (5/5) Depths:5

Altars:
Ashenzari
Cheibriados
Dithmenos
Elyvilon
Fedhas
Gozag
Hepliaklqana
Kikubaaqudgha
Makhleb
Nemelex Xobeh
Okawaru
Qazlal
Ru
Sif Muna
Trog
Uskayaw
Vehumet
Wu Jian
Xom
Yredelemnul
Zin
The Shining One
Lugonu

Shops:
D:5 (?*   D:12 !   Orc:1 =   Orc:2 %((*(}(*!   Vaults:1 *   Vaults:3 [
Vaults:5 :

Portals:
Hell: Depths:1 Depths:2 Depths:3 Depths:4 Depths:5
Abyss: Depths:4 Depths:5
Pandemonium: Depths:2 Depths:3 Depths:4
Ziggurat: Depths:5

Annotations:
D:10 exclusion: downstairs


Innate Abilities, Weirdness & Mutations

You are too large for most types of armour.
((You have tough skin. (AC +1)))
Your life essence is reduced to manifest your ancestor. (-10% HP)
You are dopey. (Int -2)


Message History

(U) Depths (H) Hell (I) Dis (G) Gehenna (X) Cocytus (Y) Tartarus (Z) Zot
Where to? (Enter - D:1 @ (x,y), ? - help)
A shadow demon comes into view.
You revert to your normal fleshy form.
Your +4 troll leather armour unmelds from your body.
Casting: Statue Form (safe; 1% risk of failure)
Confirm with . or Enter, or press ? or * to list all spells.
You turn into a living statue of rough stone.
Your +4 troll leather armour melds into your body.
You block the shadow demon's attack.
You chop the shadow demon into pieces!!!
The shadow demon is severely wounded.
The shadow demon hits you!
You slash the shadow demon!
You kill the shadow demon!
You open the door.
There is an open door here.
There is a staircase leading out of the dungeon here.
You have escaped!

............................#
............................#
........######).............#
........'...........#+#######
........########.#.##.##
.........# #+#.....##
#####....# #.#.###..#
....'....# ###.### ##.##
#####....# #..8..# #..# #
###..#######R#######.# #
#..+.............'.#
#######.#####.#####.####.#
.........####.#####.##...#
....###....'.........+.###
....###.#.######.#######
........#.#...........#
........#.######.######


You could see the friendly Lyekka the battlemage.

Vanquished Creatures
  Asmodeus (Geh:7)
  Mara (Vaults:2)
  An ancient lich (Zot:5)
  Sojobo (Depths:3)
  8 caustic shrikes
  A curse toe (Zot:3)
  4 Killer Klowns
  A profane servitor (Abyss:3)
  4 bone dragons
  6 golden dragons
  An electric golem (Zot:5)
  6 liches
  A Tzitzimitl (D:15)
  6 Brimstone Fiends
  8 tentacled monstrosities
  A Hell Sentinel (D:10)
  A deep elf blademaster (Elf:3)
  Asterion (Vaults:3)
  2 deep elf master archers (Elf:3)
  A quicksilver dragon (Zot:3)
  14 Orb Guardians
  5 titans (Vaults:5)
  An Executioner (D:6)
  4 death cobs
  Agnes (Elf:1)
  6 tentacled starspawn
  4 sphinxes
  7 tengu reavers
  4 shadow dragons
  9 storm dragons
  4 fire giants
  2 draconian monks
  2 draconian knights
  9 frost giants
  2 draconian scorchers
  7 deep elf sorcerers
  2 ghost moths
  6 reapers
  A cacodemon (Abyss:4)
  7 vault wardens
  4 balrugs
  Aizul (Crypt:1)
  4 curse skulls
  2 draconian annihilators
  8 draconian stormcallers
  3 deep elf elementalists
  A spriggan defender (Depths:1)
  14 ironheart preservers
  2 ghouls
  4 war gargoyles
  11 stone giants
  An entropy weaver (Vaults:3)
  3 green draconians
  10 very ugly things
  2 deep elf demonologists
  4 white draconians
  7 black draconians
  3 deep elf annihilators
  2 vampire knights
  7 purple draconians
  3 yellow draconians
  Azrael (D:12)
  2 red draconians
  11 spark wasps
  9 ettins
  4 deep elf death magi (Elf:3)
  2 eidola
  4 fire dragons
  A deep elf high priest (Elf:3)
  7 yaktaur captains
  9 ice dragons
  2 great orbs of eyes
  2 hydras
  2 rakshasas
  A juggernaut simulacrum (Depths:2)
  2 spriggan air magi
  21 vault guards
  6 centaur warriors
  26 two-headed ogres
  7 ogre magi
  A death knight (D:15)
  2 tengu warriors
  A titan zombie (Geh:4)
  6 deep troll shamans
  A deep troll earth mage (Vaults:3)
  A thrashing horror (Abyss:1)
  2 spriggan berserkers
  7 hell hogs
  5 sun demons
  3 orc high priests
  31 hell knights
  13 deep elf knights
  4 soul eaters
  2 iron golems
  4 wretched stars
  2 shadow wraiths (Vaults:3)
  2 golden dragon zombies
  18 skeletal warriors
  A titan skeleton (Crypt:1)
  4 iron trolls
  An unseen horror (D:11)
  A storm dragon skeleton (Vaults:4)
  2 spatial maelstroms
  2 anaconda zombies
  An infernal demonspawn (D:10)
  6 deep elf archers
  A shadow demon (D:1)
  3 wizards
  A sea snake (shapeshifter) (Vaults:2)
  6 flayed ghosts
  17 deep trolls
  A glowing orange brain (Vaults:3)
  4 anaconda skeletons
  2 shadow dragon zombies
  A golden dragon skeleton (Geh:5)
  8 orc knights
  An obsidian statue (Depths:4)
  3 harpies (Vaults:4)
  2 shadow dragon skeletons
  8 ironbrand convokers
  24 deep elf magi
  4 stone giant zombies
  3 phantasmal warriors
  A wolf spider (Vaults:2)
  16 ugly things
  A fire giant zombie (Geh:7)
  An orb spider (shapeshifter) (Vaults:3)
  An iron giant skeleton (Crypt:1)
  11 necromancers
  3 cyclopes
  A manticore (shapeshifter) (Depths:4)
  A frost giant zombie (Geh:4)
  2 worldbinders (Abyss:2)
  3 iron dragon skeletons
  2 elephants (Zot:1)
  13 moths of wrath
  24 large abominations
  2 orc sorcerers
  2 apocalypse crabs
  2 manticores
  5 fire giant skeletons
  2 ice statues (Hell)
  A centaur zombie (D:12)
  4 frost giant skeletons
  5 rust devils (Hell)
  4 vault sentinels
  2 molten gargoyles (Geh:7)
  2 spectral swamp worms (Depths:4)
  A dire elephant zombie (Geh:7)
  3 gargoyles
  A guardian serpent (Abyss:3)
  A dire elephant skeleton (Geh:5)
  5 smoke demons
  A storm dragon simulacrum (Hell)
  5 freezing wraiths
  3 efreet
  21 yaktaurs
  A tormentor (Geh:4)
  14 hellions
  4 hydra zombies
  5 kobold demonologists
  An ice devil (Hell)
  A yaktaur (shapeshifter) (Depths:1)
  2 hellwings
  29 starcursed masses
  2 tengu conjurers
  7 ancient zymes
  A guardian mummy (Crypt:3)
  A queen bee (shapeshifter) (Vaults:4)
  A death drake zombie (Crypt:2)
  2 meliai (shapeshifter)
  5 red devils
  A wind drake (shapeshifter) (Depths:1)
  21 slime creatures
  8 blink frogs
  5 raiju
  2 trolls
  3 hornets
  3 blink frogs (shapeshifter)
  A hydra skeleton (Hell)
  A fire dragon zombie (Geh:1)
  A raiju (shapeshifter) (D:15)
  A dream sheep (shapeshifter) (Depths:5)
  3 hippogriffs
  A frost giant simulacrum (Hell)
  An ettin zombie (Geh:4)
  5 fire dragon skeletons (Crypt:3)
  A vampire (D:11)
  11 flying skulls
  A tarantella (Vaults:3)
  15 redbacks
  A spriggan (Depths:2)
  A water elemental (Elf:1)
  4 fire bats
  8 shadows
  An ettin skeleton (Geh:4)
  A tarantella (shapeshifter) (Depths:4)
  A wyvern (D:15)
  10 yaks
  11 wraiths
  2 alligator skeletons
  A black mamba skeleton (Geh:4)
  4 ynoxinuls
  An ushabti (Crypt:3)
  12 dancing weapons
  4 humans (Zot:1)
  A neqoxec (Abyss:4)
  2 hungry ghosts
  10 fire elementals
  3 chaos spawn
  A spatial vortex (Geh:7)
  12 small abominations
  Menkaure (D:4)
  4 vampire mosquitoes (D:15)
  A soldier ant (shapeshifter) (Vaults:5)
  4 wargs
  2 hydra simulacra
  A soldier ant (D:12)
  A spiny frog zombie (Geh:1)
  3 water moccasins
  3 floating eyes
  13 hell hounds
  A human zombie (Vaults:3)
  16 orc warriors
  2 snapping turtle zombies
  2 sky beasts
  A spiny frog skeleton (Hell)
  An eye of draining (shapeshifter) (Vaults:3)
  3 necrophages
  A boggart (shapeshifter) (Vaults:4)
  An ice beast (D:7)
  An eye of draining (D:14)
  3 phantoms
  An ettin simulacrum (Crypt:1)
  11 boggarts
  16 ogres
  9 centaurs
  2 snapping turtle skeletons
  A torpor snail zombie (Crypt:1)
  3 big kobolds
  6 bullfrogs
  2 wyvern zombies
  An earth elemental (Elf:3)
  4 battlemagi
  A scorpion (D:3)
  A human simulacrum (Vaults:3)
  6 killer bees
  A snapping turtle simulacrum (Crypt:1)
  23 wights
  A spriggan skeleton (Geh:4)
  3 howler monkeys
  2 electric eels (D:6)
  7 crimson imps
  3 bullfrog zombies
  4 quasits
  5 hounds
  A gnoll shaman (D:7)
  16 orc priests
  4 iron imps
  2 jellies
  16 orc wizards
  4 bullfrog skeletons
  2 centaur skeletons
  A human skeleton (Abyss:1)
  3 ancestors
  5 iguanas
  6 worker ants
  A tengu skeleton (Crypt:2)
  3 hound skeletons
  A howler monkey zombie (D:5)
  5 mummies (Crypt:3)
  3 gnolls
  5 adders
  5 shadow imps
  8 white imps
  2 ufetubi
  An adder skeleton (D:7)
  A worm (D:3)
  4 leopard geckos
  54 orcs
  9 giant cockroaches
  11 goblins
  11 hobgoblins
  5 jackals
  22 kobolds
  2 quokkas
  A ball python (D:5)
  5 bats
  5 frilled lizards
  A jackal skeleton (Crypt:1)
  A jackal zombie (Crypt:2)
  An orc skeleton (Geh:7)
  A quokka skeleton (D:5)
  9 rats
  11 starspawn tentacles
  A withered plant (Crypt:3)
1411 creatures vanquished.

Vanquished Creatures (collateral kills)
  6 ancient liches
  3 orbs of fire
  Mennas (Vaults:3)
  A juggernaut (Depths:3)
  Boris (Vaults:2)
  8 Killer Klowns
  Margery (Vaults:2)
  A caustic shrike (Depths:2)
  Geryon (Hell)
  6 golden dragons
  A bone dragon (Abyss:1)
  7 Brimstone Fiends
  An electric golem (Zot:5)
  2 Ice Fiends (D:10)
  A hellephant (Abyss:2)
  4 liches
  9 tentacled monstrosities
  A deep elf blademaster (Elf:2)
  14 Orb Guardians
  A titan (Vaults:5)
  3 quicksilver dragons
  A deep elf master archer (Elf:3)
  A tentacled starspawn (Abyss:1)
  A death cob (Zot:2)
  5 sphinxes
  2 Executioners
  12 shadow dragons
  12 storm dragons
  4 tengu reavers
  An azure jelly (shapeshifter) (Depths:3)
  4 draconian monks
  Kirke (Elf:1)
  A revenant (Crypt:3)
  6 fire giants
  An iron dragon (Depths:4)
  3 draconian scorchers
  2 draconian knights
  10 vault wardens
  2 deep elf elementalists (Elf:3)
  7 deep elf sorcerers
  5 frost giants
  3 cacodemons (Abyss:3)
  A ghost moth (Zot:4)
  A draconian shifter (Zot:1)
  A ghoul (Crypt:2)
  6 balrugs
  5 reapers
  7 ironheart preservers
  4 draconian stormcallers
  4 entropy weavers
  18 stone giants
  2 war gargoyles
  7 very ugly things
  3 draconian annihilators
  4 deep elf demonologists
  5 white draconians
  10 deep elf annihilators
  2 vampire knights
  A spark wasp (Depths:3)
  4 green draconians
  3 dire elephants (Zot:1)
  A lorocyproca (D:7)
  8 yellow draconians
  3 red draconians
  2 purple draconians
  An eidolon (Crypt:1)
  A merfolk impaler (Abyss:4)
  A deep elf death mage (Vaults:5)
  6 ettins
  4 blizzard demons
  6 deep elf high priests
  4 green deaths
  7 yaktaur captains
  An ice dragon (Depths:5)
  A great orb of eyes (Depths:1)
  6 fire dragons
  A kraken zombie (Hell)
  7 rakshasas
  18 vault guards
  5 centaur warriors
  A hydra (D:14)
  An anaconda (shapeshifter) (Depths:3)
  12 ogre magi
  31 two-headed ogres
  12 hell hogs
  13 dancing weapons
  2 death knights
  A catoblepas (D:11)
  6 tengu warriors
  5 deep troll shamans
  4 deep troll earth magi
  2 vampire magi
  2 orc high priests (Orc:2)
  Urug (D:12)
  6 thrashing horrors
  4 soul eaters
  A storm dragon zombie (Geh:4)
  8 deep elf knights
  22 hell knights
  An iron golem (Depths:1)
  20 skeletal warriors
  5 wretched stars
  4 sun demons
  6 shadow wraiths
  A storm dragon skeleton (Crypt:3)
  4 sixfirhies
  2 titan skeletons
  An unseen horror (shapeshifter) (Vaults:3)
  4 unseen horrors
  An infernal demonspawn (D:10)
  An anaconda zombie (Geh:4)
  11 deep trolls
  A golden dragon skeleton (Geh:4)
  6 flayed ghosts
  5 glowing orange brains
  3 wizards
  5 deep elf archers
  2 phantasmal warriors
  A lindwurm (shapeshifter) (Depths:4)
  2 orc knights
  2 wolf spider zombies
  7 ironbrand convokers
  An anaconda skeleton (Geh:4)
  8 necromancers
  An orb spider (shapeshifter) (Depths:3)
  A tengu skeleton (Vaults:4)
  5 harpies
  A shining eye (Abyss:1)
  17 ugly things
  37 deep elf magi
  4 cyclopes
  3 frost giant zombies
  3 wolf spiders
  2 orc sorcerers
  3 iron dragon skeletons
  8 fire giant skeletons
  4 rust devils (Hell)
  2 elephants (Zot:1)
  14 moths of wrath
  14 vault sentinels
  3 spectral swamp worms (Depths:4)
  2 apocalypse crabs
  A shock serpent skeleton (Geh:6)
  2 orange demons
  3 molten gargoyles (Geh:7)
  9 smoke demons
  19 yaktaurs
  A spriggan skeleton (Depths:2)
  A storm dragon simulacrum (Vaults:2)
  6 hellions
  6 tormentors
  2 dire elephant skeletons
  3 gargoyles (Crypt:3)
  An emperor scorpion zombie (Crypt:3)
  2 demonic crawlers
  8 freezing wraiths
  A kobold demonologist (D:13)
  7 efreet
  5 ancient zymes
  4 tengu conjurers
  A hellwing (Abyss:2)
  2 ice devils
  5 hydra zombies
  15 red devils
  A guardian mummy (Crypt:3)
  2 catoblepas skeletons
  2 harpy zombies
  A polar bear (shapeshifter) (Vaults:4)
  5 trolls
  A meliai (shapeshifter) (Abyss:2)
  A hornet (Vaults:4)
  9 slime creatures
  2 hydra skeletons
  12 raiju
  A bog body (Crypt:2)
  2 blink frogs (Abyss:3)
  2 hippogriffs (D:13)
  An ice dragon zombie (Geh:4)
  An ettin zombie (Abyss:4)
  2 stone giant simulacra
  An iron dragon simulacrum (Abyss:4)
  A fire dragon zombie (Hell)
  12 large abominations
  7 small abominations
  13 flying skulls
  A vampire (D:14)
  A black mamba zombie (Crypt:3)
  An ice dragon skeleton (Geh:7)
  9 shadows
  An air elemental (Elf:3)
  An alligator skeleton (Geh:1)
  2 ettin skeletons
  8 redbacks
  12 starcursed masses
  6 water elementals
  11 wraiths
  2 wyverns
  5 fire dragon skeletons
  2 yaks (D:10)
  A yak (shapeshifter) (Vaults:2)
  9 fire bats
  2 basilisks
  2 ynoxinuls
  A human (Zot:1)
  3 chaos spawn
  13 fire elementals
  2 hogs (Elf:1)
  9 neqoxecs
  3 wargs
  3 hungry ghosts
  An infernal demonspawn zombie (Crypt:2)
  5 vampire mosquitoes
  A soldier ant (shapeshifter) (Vaults:1)
  2 acid dragons
  A swamp worm (shapeshifter) (Depths:4)
  A soldier ant (D:10)
  A spiny frog zombie (Geh:1)
  A floating eye (Depths:2)
  16 hell hounds
  A water moccasin (D:5)
  24 orc warriors
  A spiny frog skeleton (Hell)
  A manticore zombie (Crypt:2)
  A phantom (Geh:7)
  3 ice beasts
  2 human zombies
  26 ogres
  4 necrophages
  9 boggarts
  2 swamp dragon zombies
  An ogre (shapeshifter) (Vaults:4)
  9 centaurs
  A swamp dragon skeleton (Geh:2)
  A snapping turtle skeleton (Geh:6)
  7 big kobolds
  6 bullfrogs
  An elf zombie (Crypt:1)
  An earth elemental (Elf:3)
  A scorpion (D:13)
  3 killer bees
  41 wights
  A howler monkey (shapeshifter) (Vaults:2)
  3 howler monkeys
  6 crimson imps
  2 centaur zombies
  3 bullfrog zombies
  6 centaur skeletons
  A jelly (D:9)
  16 orc priests
  A quasit (Abyss:1)
  A hound (D:12)
  3 iguanas
  25 orc wizards
  An iron imp (Abyss:3)
  Ijyb (D:4)
  9 worker ants
  An ogre skeleton (Crypt:1)
  4 mummies (Crypt:3)
  A hound skeleton (D:4)
  3 gnolls
  A shadow imp (D:6)
  3 white imps
  2 ufetubi
  An adder zombie (D:7)
  An adder skeleton (Crypt:1)
  An iguana skeleton (Crypt:1)
  A worm (D:2)
  48 orcs
  A giant cockroach (Depths:3)
  2 jackals (D:5)
  2 quokkas
  A jackal skeleton (Crypt:1)
  10 kobolds
  A fire vortex (Depths:1)
  A lurking horror (Abyss:1)
  A macabre mass (Abyss:3)
  4 starspawn tentacles
  2 tentacles (Hell)
  2 withered plants (Crypt:3)
1331 creatures vanquished.

Vanquished Creatures (others)
  2 death cobs
  An eldritch tentacle (Geh:1)
  A yaktaur captain (Vaults:1)
  A centaur warrior (Vaults:1)
  A hell hog (Geh:4)
  A sun demon (Geh:5)
  A necromancer (Geh:5)
  A human skeleton (Vaults:3)
  A cyclops (Vaults:1)
  A shock serpent zombie (Geh:7)
  5 yaktaurs
  An ancient zyme (Abyss:1)
  A flying skull (Geh:7)
  An alligator skeleton (Geh:4)
  8 dancing weapons
  An insubstantial wisp (Abyss:4)
  A warg (D:11)
  An orc warrior (D:12)
  2 ogres
  A small abomination (Abyss:1)
  A centaur (Vaults:2)
  A wight (Geh:1)
  77 battlemagi
  A hound (D:12)
  14 ancestors
  A fungus (Abyss:4)
  2 lurking horrors
  3 plants (Orc:2)
  30 starspawn tentacles
  4 tentacles (Hell)
167 creatures vanquished.

Grand Total: 2909 creatures vanquished

Notes
Turn   | Place    | Note
-------+----------+-------------------------------------------
     0 | D:1      | Ge0ff the Ogre Wizard began the quest for the Orb.
     0 | D:1      | Reached XP level 1. HP: 16/16 MP: 5/5
    48 | D:1      | Reached skill level 1 in Conjurations
   239 | D:1      | Reached XP level 2. HP: 24/24 MP: 3/6
   247 | D:1      | Learned a level 2 spell: Call Imp
   476 | D:1      | Reached skill level 1 in Summonings
   830 | D:1      | Found a glowing golden altar of the Shining One.
   912 | D:1      | Reached XP level 3. HP: 26/31 MP: 2/8
   917 | D:1      | Learned a level 3 spell: Mephitic Cloud
  1761 | D:1      | Learned a level 2 spell: Blink
  1793 | D:2      | You fall through a shaft!
  2011 | D:3      | Reached XP level 4. HP: 39/40 MP: 2/10
  2614 | D:2      | Reached skill level 1 in Translocations
  2731 | D:2      | Reached skill level 1 in Fighting
  3343 | D:3      | Found an ornate altar of the Wu Jian Council.
  3650 | D:3      | Learned a level 3 spell: Conjure Flame
  4055 | D:3      | Found a snail-covered altar of Cheibriados.
  4523 | D:3      | Reached XP level 5. HP: 41/48 MP: 0/11
  4630 | D:4      | Noticed a +0 dagger
  4630 | D:4      | Noticed Ijyb
  4630 | D:4      | Noticed a +0 dagger
  4665 | D:3      | Reached skill level 1 in Air Magic
  5052 | D:4      | Found a hide-covered altar of Uskayaw.
  5064 | D:4      | Reached skill level 1 in Poison Magic
  5064 | D:4      | Reached XP level 6. HP: 52/57 MP: 6/12
  5209 | D:4      | Killed Ijyb
  5372 | D:4      | Reached skill level 2 in Fighting
  5452 | D:3      | Reached skill level 1 in Fire Magic
  5708 | D:4      | Noticed Menkaure
  5776 | D:4      | Found a staircase to the Ecumenical Temple.
  5811 | Temple   | Entered the Ecumenical Temple
  6151 | D:4      | Found a glowing silver altar of Zin.
  6152 | D:4      | Found an opulent altar of Gozag.
  6248 | D:4      | Found a shadowy altar of Dithmenos.
  6463 | D:5      | Entered Level 5 of the Dungeon
  6538 | D:5      | Found Lux Fimu's Weapon Boutique.
  6565 | D:5      | Found Yblauf's Magic Scroll Boutique.
  6573 | D:5      | Bought a scroll of teleportation for 42 gold pieces
  6573 | D:5      | Bought a scroll of fog for 28 gold pieces
  6573 | D:5      | Bought a scroll of blinking for 105 gold pieces
  6750 | D:5      | Found Nymneow's Assorted Antiques.
  6826 | D:5      | Reached XP level 7. HP: 65/65 MP: 6/13
  7435 | D:5      | Found a sparkling altar of Nemelex Xobeh.
  8185 | D:6      | Reached skill level 3 in Fighting
  8230 | D:6      | Reached XP level 8. HP: 44/75 MP: 6/15
  8465 | D:6      | Reached skill level 5 in Spellcasting
 10436 | D:7      | Reached skill level 4 in Fighting
 10839 | D:7      | Reached XP level 9. HP: 74/84 MP: 13/17
 10991 | D:7      | Found a sacrificial altar of Ru.
 12518 | D:7      | Reached skill level 1 in Evocations
 13747 | D:8      | Reached skill level 5 in Fighting
 13792 | D:8      | Reached skill level 5 in Conjurations
 13922 | D:8      | Found a hazy altar of Hepliaklqana.
 13935 | D:8      | Became a worshipper of Hepliaklqana the Forgotten
 14733 | D:4      | Killed Menkaure
 14831 | D:9      | Noticed a hornet
 14861 | D:8      | Killed a hornet
 15211 | D:8      | Learned a level 3 spell: Tukima's Dance
 15356 | D:9      | Reached XP level 10. HP: 86/86 MP: 16/20
 15364 | D:9      | Reached skill level 1 in Invocations
 15473 | D:9      | Reached skill level 1 in Shields
 15473 | D:9      | Reached skill level 1 in Hexes
 15891 | D:9      | Found a shattered altar of Ashenzari.
 16162 | D:10     | Entered Level 10 of the Dungeon
 16509 | D:10     | Reached skill level 6 in Fighting
 16885 | D:10     | Reached * piety under Hepliaklqana
 17119 | D:10     | Found a staircase to the Lair.
 18016 | D:11     | Noticed a manticore
 18214 | D:10     | Killed a manticore
 18214 | D:10     | Reached skill level 7 in Fighting
 18214 | D:10     | Reached XP level 11. HP: 39/98 MP: 5/23
 18467 | D:11     | Noticed a catoblepas
 18817 | D:11     | Found a staircase to the Orcish Mines.
 18914 | D:11     | Got a crude quarterstaff
 19042 | D:11     | Noticed a two-headed ogre
 19219 | D:10     | Noticed a sixfirhy
 19343 | D:11     | Killed an unseen horror
 19359 | D:11     | Identified the +8 quarterstaff of Gluttony {pain, rF+
                  | Str+3} (You found it on level 11 of the Dungeon)
 19563 | D:11     | Killed a catoblepas
 19563 | D:11     | Reached skill level 5 in Invocations
 19689 | D:5      | Bought an embroidered cloak for 232 gold pieces
 20052 | D:11     | Reached skill level 8 in Fighting
 20403 | D:11     | Noticed a two-headed ogre
 20559 | D:11     | Killed a two-headed ogre
 20855 | D:12     | Learned a level 1 spell: Corona
 20930 | D:12     | Noticed a four-headed hydra
 20935 | D:12     | Killed a four-headed hydra
 21070 | D:11     | Reached skill level 5 in Summonings
 21150 | D:12     | Noticed Urug
 21228 | D:12     | Noticed Azrael
 21347 | D:11     | Learned a level 3 spell: Confuse
 21750 | Orc:1    | Entered Level 1 of the Orcish Mines
 21763 | Orc:1    | Reached skill level 5 in Shields
 21766 | Orc:1    | Reached skill level 9 in Fighting
 22050 | Orc:2    | Entered Level 2 of the Orcish Mines
 22163 | Orc:1    | Reached XP level 12. HP: 74/110 MP: 8/25
 22472 | Orc:2    | Found Qaruwo's Antique Weapon Shoppe.
 22784 | Orc:2    | Found Ufyemics's Antique Weapon Boutique.
 22810 | Orc:2    | Reached ** piety under Hepliaklqana
 22811 | Orc:2    | Remembered your ancestor Lyekka as a battlemage
 23108 | Orc:2    | Reached skill level 10 in Spellcasting
 23183 | Orc:2    | Noticed an orc high priest
 23194 | Orc:2    | Killed an orc high priest
 23194 | Orc:2    | Reached skill level 10 in Fighting
 23580 | Orc:2    | Found Ogatef's Distillery.
 23595 | Orc:2    | Found Jaadghoso's Assorted Antiques.
 23621 | Orc:2    | Noticed an orc high priest
 23633 | Orc:2    | Killed an orc high priest
 23685 | Orc:2    | Noticed an orc high priest
 23698 | Orc:2    | Killed an orc high priest
 24078 | Orc:2    | Noticed an orc high priest
 24131 | Orc:2    | Killed an orc high priest
 24231 | Orc:2    | Bought a scroll labeled URINIEQ TERCHE for 38 gold pieces
 24298 | Orc:2    | Found a staircase to the Elven Halls.
 24504 | Orc:2    | Found Vivoq's Food Emporium.
 24685 | Orc:1    | Found Unedghiack's Jewellery Boutique.
 24794 | Orc:2    | Found Maixon's Gadget Boutique.
 24794 | Orc:2    | Found Ymyptan's Antique Weapon Shop.
 24794 | Orc:2    | Found Cycweih's Antique Weapon Boutique.
 24799 | Orc:2    | Found Liamefun's Assorted Antiques.
 24827 | Orc:1    | Bought the ring of Faot {rCorr rPois rF+ MR+ Dex-3} for 600
                  | gold pieces
 24858 | Orc:2    | Bought a shimmering scimitar for 288 gold pieces
 25105 | D:12     | Noticed a two-headed ogre
 25112 | D:12     | Killed a two-headed ogre
 25112 | D:12     | Reached skill level 1 in Armour
 25174 | D:12     | Reached skill level 11 in Fighting
 25615 | D:12     | Killed Urug
 25760 | D:12     | Found Ottiesuw's Distillery.
 25800 | D:12     | Reached skill level 1 in Long Blades
 25814 | D:12     | Killed Azrael
 25814 | D:12     | Reached XP level 13. HP: 44/123 MP: 27/27
 26022 | D:12     | Bought a potion of agility for 56 gold pieces
 26252 | D:13     | Reached *** piety under Hepliaklqana
 26266 | D:13     | You fall through a shaft for 2 floors!
 26266 | D:15     | Entered Level 15 of the Dungeon
 26511 | D:15     | Reached skill level 5 in Evocations
 26805 | D:14     | Reached skill level 5 in Long Blades
 26838 | D:14     | Identified the cursed +2 scimitar of the Inferno {vamp, rN+
                  | MR+ Dex+4} (You bought it in a shop on level 2 of the
                  | Orcish Mines)
 26948 | D:13     | Reached skill level 12 in Fighting
 27896 | D:13     | Reached skill level 1 in Throwing
 27966 | D:13     | Reached skill level 5 in Stealth
 28150 | D:14     | Noticed a vault guard
 28154 | D:14     | Noticed a vault guard
 28157 | D:14     | Noticed a vault guard
 28172 | D:13     | Killed a vault guard
 28370 | D:14     | Noticed a vault guard
 28383 | D:14     | Killed a vault guard
 28661 | D:14     | Reached XP level 14. HP: 101/134 MP: 22/28
 28980 | D:14     | Found a gate to the Vaults.
 29153 | D:14     | Reached **** piety under Hepliaklqana
 29790 | D:15     | Noticed a shadow dragon
 30745 | D:15     | Found a staircase to the Depths.
 30824 | D:15     | Noticed a stone giant
 30850 | D:15     | Reached skill level 10 in Long Blades
 30892 | D:15     | Killed a stone giant
 31167 | Elf:1    | Entered Level 1 of the Elven Halls
 31360 | Elf:1    | Noticed a deep elf sorcerer
 31380 | Elf:1    | Killed a deep elf sorcerer
 31600 | Elf:1    | Noticed Agnes
 31619 | Elf:1    | Noticed a deep elf demonologist
 31624 | Elf:1    | Cast into level 2 of the Abyss (a deep elf demonologist)
 31624 | Abyss:2  | Found a corrupted altar of Lugonu.
 31645 | Abyss:2  | Found a corrupted altar of Lugonu.
 31658 | Abyss:2  | Noticed a green draconian scorcher
 31673 | Abyss:2  | Killed a green draconian scorcher
 31763 | Abyss:2  | Noticed a white draconian
 31781 | Abyss:2  | Killed a white draconian
 31832 | Abyss:2  | Noticed an ironheart preserver
 31853 | Abyss:2  | Noticed an Executioner
 31860 | Abyss:2  | Noticed a starcursed mass
 32024 | Abyss:2  | Noticed a tentacled starspawn
 32028 | Abyss:2  | Reached XP level 15. HP: 129/142 MP: 26/30
 32115 | Abyss:2  | Killed a tentacled starspawn
 32329 | Elf:1    | Escaped the Abyss
 32330 | Elf:1    | Noticed an Executioner
 32369 | Elf:2    | Learned a level 5 spell: Bolt of Draining
 32383 | Elf:1    | Reached ***** piety under Hepliaklqana
 32533 | Elf:1    | Noticed a deep elf elementalist
 32537 | Elf:1    | Killed a deep elf elementalist
 32537 | Elf:1    | Reached skill level 1 in Necromancy
 32807 | Elf:1    | Reached skill level 13 in Fighting
 32943 | Elf:1    | Identified Sif Muna's Reference Book on the Entourage
 32950 | Elf:1    | Learned a level 4 spell: Summon Lightning Spire
 33007 | Elf:1    | Noticed Kirke
 33144 | Elf:1    | Killed Agnes
 33358 | Elf:1    | Killed Kirke
 34130 | Elf:2    | Found a runed translucent gate.
 34130 | Elf:2    | Found a runed translucent gate.
 34133 | Elf:2    | Found a runed translucent gate.
 34713 | Elf:2    | Found a portal to a secret trove of treasure.
 35075 | Elf:2    | Reached XP level 16. HP: 153/153 MP: 32/32
 35094 | Elf:2    | Noticed a deep elf blademaster
 35101 | Elf:2    | Killed a deep elf blademaster
 35832 | Elf:3    | Entered Level 3 of the Elven Halls
 36040 | Elf:3    | Reached skill level 5 in Necromancy
 36059 | Elf:3    | Learned a level 3 spell: Regeneration
 36578 | Elf:3    | Identified the +6 glaive of Okawaru's Delight {chop, MR+
                  | Dex+2}
 36709 | Elf:3    | Identified the +6 dagger "Nomoy" {pierce, rElec Str+3 Int+2
                  | SInv}
 36816 | Elf:3    | Reached skill level 1 in Charms
 37004 | Elf:3    | Identified the +0 broad axe of a Gauntlet {freeze, +Rage
                  | rF+ MP+9 Dex+3}
 37081 | Elf:3    | Reached skill level 14 in Fighting
 37081 | Elf:3    | Reached skill level 5 in Air Magic
 37396 | Elf:3    | Noticed a deep elf blademaster
 37412 | Elf:3    | Killed a deep elf blademaster
 37599 | Elf:3    | Reached skill level 5 in Dodging
 37647 | Elf:3    | Noticed a deep elf master archer
 37656 | Elf:3    | Killed a deep elf master archer
 37656 | Elf:3    | Reached XP level 17. HP: 162/162 MP: 19/33
 37725 | Elf:3    | Identified the ring of Vabaluf {rPois rC- rN+++ Str-3
                  | Int+6}
 38099 | Elf:3    | Noticed a deep elf master archer
 38108 | Elf:3    | Killed a deep elf master archer
 38122 | Elf:3    | Noticed a deep elf master archer
 38136 | Elf:3    | Killed a deep elf master archer
 38270 | Elf:3    | Identified the cursed +1 robe "Plog" {rPois Int+4}
 39047 | Elf:3    | Identified the Disquisition on the Compass and
                  | Confrontation
 39056 | Elf:3    | Learned a level 6 spell: Statue Form
 39083 | Elf:3    | Identified the Reference Book on Dark Magic
 39109 | Elf:3    | Identified the Almanac of the Ten Yaks
 39121 | Elf:3    | Learned a level 5 spell: Yara's Violent Unravelling
 39417 | Orc:2    | Bought a scroll labeled YGOSKA MEUP for 27 gold pieces
 39547 | D:12     | Bought a potion of resistance for 140 gold pieces
 39698 | D:5      | Bought 3 scrolls of identify for 84 gold pieces
 39698 | D:5      | Bought a scroll of identify for 28 gold pieces
 39698 | D:5      | Bought a scroll of identify for 28 gold pieces
 39698 | D:5      | Bought a scroll of amnesia for 49 gold pieces
 39698 | D:5      | Bought a scroll of teleportation for 42 gold pieces
 40582 | D:15     | Found a staircase to the Depths.
 40967 | Depths:1 | Entered Level 1 of the Depths
 41067 | D:15     | Reached skill level 1 in Transmutations
 41067 | D:15     | Reached skill level 1 in Earth Magic
 41669 | Depths:1 | Noticed a sphinx
 42613 | Depths:1 | Identified the +11 hand axe "Budymei" {venom, rElec}
 42663 | Depths:1 | Noticed a sphinx
 42672 | Depths:1 | Killed a sphinx
 42746 | Depths:1 | Killed a sphinx
 42886 | Depths:1 | Identified the Tome of the Voyage and Changing
 43106 | D:5      | Bought a scroll of amnesia for 108 gold pieces
 43113 | D:5      | Learned a level 5 spell: Irradiate
 43296 | Depths:1 | Found a gateway to Hell.
 43333 | Depths:1 | You fall through a shaft!
 43434 | Depths:1 | Reached skill level 5 in Hexes
 43434 | Depths:1 | Reached XP level 18. HP: 140/172 MP: 20/35
 43785 | Depths:1 | Reached skill level 15 in Fighting
 44034 | Orc:2    | Bought a brass wand for 108 gold pieces
 44034 | Orc:2    | Bought a wooden wand for 108 gold pieces
 45151 | Depths:2 | Found a one-way gate leading to the halls of Pandemonium.
 45766 | Depths:1 | Reached skill level 5 in Earth Magic
 45899 | Depths:2 | Reached skill level 5 in Transmutations
 46176 | Depths:2 | Identified the cursed +2 bardiche "Aganleef" {flame, MR+}
 46676 | Depths:2 | Noticed a golden dragon
 46699 | Depths:2 | Killed a golden dragon
 47107 | Depths:2 | Reached skill level 5 in Armour
 47219 | Depths:2 | Noticed a lich
 47250 | Depths:2 | Killed a lich
 48107 | Depths:3 | Reached XP level 19. HP: 96/180 MP: 20/36
 48335 | Depths:3 | Noticed a caustic shrike
 48514 | Depths:3 | Noticed a caustic shrike
 48514 | Depths:3 | Noticed a caustic shrike
 48514 | Depths:3 | Noticed a caustic shrike
 48515 | Depths:3 | Noticed a caustic shrike
 48599 | Depths:2 | Killed a caustic shrike
 48607 | Depths:2 | Killed a caustic shrike
 48710 | Depths:3 | Identified the +1 robe of the Guardian {*Slow +Blink rN++
                  | Int+3}
 48714 | Depths:2 | Killed a caustic shrike
 48714 | Depths:2 | Killed a caustic shrike
 48808 | Depths:3 | Noticed Sojobo
 48948 | Depths:3 | Noticed a juggernaut
 48953 | Depths:3 | Killed a juggernaut
 49121 | Depths:3 | Noticed a caustic shrike
 49123 | Depths:3 | Noticed a caustic shrike
 49123 | Depths:3 | Noticed a caustic shrike
 49126 | Depths:3 | Killed a caustic shrike
 49128 | Depths:3 | Killed a caustic shrike
 49129 | Depths:3 | Killed a caustic shrike
 49129 | Depths:3 | Killed a caustic shrike
 49451 | Depths:3 | Noticed a caustic shrike
 49458 | Depths:2 | Reached skill level 16 in Fighting
 49460 | Depths:2 | Killed a caustic shrike
 49740 | Orc:2    | Bought a scroll of blinking for 202 gold pieces
 49740 | Orc:2    | Bought a scroll of teleportation for 81 gold pieces
 49766 | Orc:2    | Bought a scroll of blinking for 285 gold pieces
 49766 | Orc:2    | Bought a potion of heal wounds for 190 gold pieces
 49773 | Orc:2    | Bought a potion of haste for 150 gold pieces
 50533 | Depths:3 | Reached XP level 20. HP: 174/191 MP: 32/38
 51197 | Depths:3 | Found a corrupted altar of Lugonu.
 51446 | Depths:3 | Killed Sojobo
 52052 | Depths:4 | Found a transporter.
 52342 | Depths:4 | Reached skill level 10 in Shields
 53504 | Depths:4 | Found a one-way gate to the infinite horrors of the Abyss.
 53828 | Depths:4 | Found a transporter.
 54280 | Depths:5 | Entered Level 5 of the Depths
 54910 | Depths:5 | Reached XP level 21. HP: 200/200 MP: 39/39
 55411 | Depths:5 | Got a translucent dire flail
 55428 | Depths:5 | Noticed a golden dragon
 55433 | Depths:5 | Killed a golden dragon
 55496 | Depths:5 | Found a gateway to a ziggurat.
 55757 | Depths:5 | Reached skill level 15 in Spellcasting
 56052 | Depths:5 | Noticed a bone dragon
 56083 | Depths:5 | Killed a bone dragon
 56083 | Depths:5 | Reached skill level 17 in Fighting
 56123 | Depths:5 | Reached skill level 10 in Earth Magic
 56237 | Depths:5 | Found a gate to the Realm of Zot.
 56461 | Depths:5 | Voluntarily entered the Abyss.
 56461 | Abyss:1  | Found a corrupted altar of Lugonu.
 56497 | Abyss:1  | Reached skill level 10 in Transmutations
 56509 | Abyss:1  | Noticed a bone dragon
 56519 | Abyss:1  | Killed a bone dragon
 56553 | Abyss:1  | Noticed a bone dragon
 56562 | Abyss:1  | Killed a bone dragon
 56567 | Depths:5 | Escaped the Abyss
 56893 | Depths:5 | Voluntarily entered the Abyss.
 56953 | Abyss:1  | Found a corrupted altar of Lugonu.
 57594 | Depths:5 | Escaped the Abyss
 57711 | Depths:5 | Voluntarily entered the Abyss.
 57738 | Abyss:1  | Noticed a bone dragon
 57746 | Abyss:1  | Killed a bone dragon
 57767 | Abyss:1  | Found a bloodstained altar of Trog.
 57809 | Abyss:1  | Lost dexterity.
 57882 | Abyss:2  | Found a corrupted altar of Lugonu.
 57933 | Depths:5 | Escaped the Abyss
 57939 | Depths:5 | Voluntarily entered the Abyss.
 57950 | Abyss:1  | Found a corrupted altar of Lugonu.
 58157 | Abyss:1  | Noticed a bone dragon
 58299 | Abyss:3  | Reached XP level 22. HP: 212/212 MP: 35/41
 58386 | Abyss:3  | Lost dexterity.
 58535 | Abyss:3  | Noticed a profane servitor
 58548 | Abyss:3  | Killed a profane servitor
 58618 | Abyss:4  | Reached skill level 15 in Long Blades
 58637 | Abyss:4  | Got an abyssal rune of Zot
 58639 | Abyss:4  | Paralysed by accursed screaming for 1 turns
 58908 | Depths:5 | Escaped the Abyss
 59061 | Vaults:1 | Entered Level 1 of the Vaults
 59251 | Vaults:1 | Found Roats's Assorted Antiques.
 59288 | Vaults:1 | Learned a level 4 spell: Animate Dead
 60637 | Vaults:2 | Noticed Margery
 60637 | Vaults:2 | Reached skill level 18 in Fighting
 60639 | Vaults:2 | Killed Margery
 60935 | Vaults:2 | Noticed Mara
 60947 | Vaults:2 | Noticed Ge0ff's illusion
 60949 | Vaults:2 | Killed Mara
 60949 | Vaults:2 | Reached XP level 23. HP: 222/222 MP: 36/42
 60982 | Vaults:2 | Noticed Boris
 61148 | Vaults:2 | Killed Boris
 62791 | Vaults:3 | Found an ancient bone altar of Kikubaaqudgha.
 62792 | Vaults:3 | Found a staircase to the Crypt.
 62795 | Vaults:3 | Found a basalt altar of Yredelemnul.
 62885 | Vaults:3 | Noticed Asterion
 62895 | Vaults:3 | Killed Asterion
 63027 | Vaults:3 | Found Deom Jelypp's Armour Shoppe.
 63237 | Vaults:3 | Gained mutation: You are dopey. (Int -2) [you]
 63473 | Vaults:3 | Reached ****** piety under Hepliaklqana
 63490 | Vaults:3 | Noticed Mennas
 63497 | Vaults:3 | Killed Mennas
 63497 | Vaults:3 | Reached skill level 5 in Throwing
 63812 | Vaults:3 | Reached XP level 24. HP: 232/232 MP: 28/42
 64540 | Vaults:3 | Bought a +1 shield of resistance for 474 gold pieces
 64796 | Vaults:4 | Reached skill level 19 in Fighting
 65327 | Vaults:5 | Entered Level 5 of the Vaults
 65570 | Vaults:4 | Reached XP level 25. HP: 243/243 MP: 36/43
 65714 | Vaults:4 | Learned a level 5 spell: Dispel Undead
 65721 | Vaults:4 | Learned a level 6 spell: Iron Shot
 66206 | Crypt:1  | Entered Level 1 of the Crypt
 66586 | Crypt:1  | Noticed Aizul
 66596 | Crypt:1  | Killed Aizul
 67731 | Crypt:2  | Found a shimmering altar of Xom.
 67790 | Crypt:3  | Entered Level 3 of the Crypt
 68007 | D:12     | Bought a potion of flight for 42 gold pieces
 68007 | D:12     | Bought a potion of heal wounds for 70 gold pieces
 68552 | Crypt:3  | Reached skill level 10 in Conjurations
 69093 | Crypt:3  | Got a sparkling ivory ring
 69094 | Crypt:3  | Identified the cursed ring of Loekysk {AC-2 Int+2} (You
                  | found it on level 3 of the Crypt)
 69275 | Crypt:3  | Found an ancient bone altar of Kikubaaqudgha.
 69299 | Crypt:3  | Noticed an ancient lich
 69305 | Crypt:3  | Killed an ancient lich
 69323 | Crypt:3  | Noticed an ancient lich
 69331 | Crypt:3  | Killed an ancient lich
 69348 | Crypt:3  | Learned a level 5 spell: Lee's Rapid Deconstruction
 69708 | Crypt:3  | Found a staircase to the Tomb.
 69727 | Crypt:3  | Got a warped arbalest
 69760 | Crypt:3  | Reached skill level 15 in Shields
 70016 | Vaults:5 | Found Veru Tyh's Book Shop.
 70296 | Vaults:5 | Reached XP level 26. HP: 253/253 MP: 44/44
 70300 | Vaults:5 | Identified the amulet "Qeuskoqoli" {+Rage rF+ rN++ MR-
                  | Str+2}
 70464 | Vaults:5 | Reached skill level 20 in Fighting
 70652 | Vaults:5 | Reached skill level 10 in Invocations
 70904 | Vaults:5 | Learned a level 2 spell: Passwall
 71561 | Vaults:5 | Reached skill level 10 in Dodging
 71730 | Vaults:5 | Identified the cursed +0 spear of Dithmenos's Envy {pierce,
                  | rF+ Int+3 SInv}
 71740 | Vaults:5 | Reached skill level 10 in Throwing
 71816 | Vaults:5 | Learned a level 1 spell: Apportation
 71888 | Vaults:5 | Bought the Incunabulum of Enthralling Boosts for 1275 gold
                  | pieces
 72021 | Vaults:5 | Identified the Papyrus of Supportive Stolen Souls
 72059 | Vaults:5 | Got a silver rune of Zot
 72471 | D:12     | Bought a potion of heal wounds for 70 gold pieces
 72471 | D:12     | Bought a potion of invisibility for 112 gold pieces
 72471 | D:12     | Bought 2 potions of curing for 84 gold pieces
 72471 | D:12     | Bought a potion of curing for 42 gold pieces
 72471 | D:12     | Bought a potion of curing for 42 gold pieces
 72471 | D:12     | Bought a potion of curing for 42 gold pieces
 72471 | D:12     | Bought a potion of might for 56 gold pieces
 72471 | D:12     | Bought a potion of brilliance for 56 gold pieces
 72600 | Vaults:1 | Bought a potion of curing for 99 gold pieces
 72993 | Elf:2    | You paid a toll of 17 potions of curing to enter a treasure
                  | trove
 72994 | Trove    | Entered a treasure trove
 73018 | Trove    | Identified the +3 rapier of Kismet {speed, +Rage rPois rC+
                  | Dex-5} (You found it in a treasure trove)
 73019 | Trove    | Identified the +8 halberd "Leviticus" {venom, rN+ Str+5}
                  | (You found it in a treasure trove)
 73021 | Trove    | Identified the +6 scimitar of the First Wonders {slice,
                  | Fragile Int+2 Dex+8 Stlth+} (You found it in a treasure
                  | trove)
 73022 | Trove    | Identified the amulet "Jupriapi" {Gourm rN++ Str-3} (You
                  | found it in a treasure trove)
 73023 | Trove    | Identified the amulet "Oblom" {Harm *Drain MR++ Str+2} (You
                  | found it in a treasure trove)
 73024 | Trove    | Identified the amulet "Eduizu Zalof" {Faith rF+++ rC- rN+
                  | Int-3} (You found it in a treasure trove)
 73228 | Orc:2    | Bought a wand of acid (13) for 442 gold pieces
 73228 | Orc:2    | Bought a wand of digging (5) for 234 gold pieces
 73254 | Orc:2    | Bought a potion of agility for 60 gold pieces
 73254 | Orc:2    | Bought a potion of cancellation for 120 gold pieces
 73254 | Orc:2    | Bought a potion of agility for 60 gold pieces
 73254 | Orc:2    | Bought a potion of heal wounds for 75 gold pieces
 73254 | Orc:2    | Bought 2 potions of resistance for 300 gold pieces
 73254 | Orc:2    | Bought 2 potions of haste for 300 gold pieces
 73254 | Orc:2    | Bought a potion of berserk rage for 75 gold pieces
 73254 | Orc:2    | Bought a potion of brilliance for 60 gold pieces
 73254 | Orc:2    | Bought a potion of agility for 60 gold pieces
 73420 | D:5      | Bought a potion of magic for 248 gold pieces
 73420 | D:5      | Bought a potion of ambrosia for 248 gold pieces
 73420 | D:5      | Bought a scroll of teleportation for 93 gold pieces
 73600 | Hell     | Entered the Vestibule of Hell
 73600 | Hell     | Noticed Geryon
 74020 | Hell     | Killed Geryon
 74184 | Hell     | Found a gateway to the Iron City of Dis.
 74202 | Hell     | Reached skill level 10 in Evocations
 74206 | Hell     | Reached XP level 27. HP: 263/263 MP: 43/45
 74213 | Hell     | Learned a level 5 spell: Summon Mana Viper
 74269 | Hell     | Found a gateway to the freezing wastes of Cocytus.
 74346 | Hell     | Found a gateway to the decaying netherworld of Tartarus.
 74418 | Hell     | Found a gateway to the ashen valley of Gehenna.
 74624 | Geh:1    | Entered Level 1 of Gehenna
 74858 | Geh:1    | Cast into level 3 of the Abyss (a lich)
 74901 | Geh:1    | Escaped the Abyss
 74904 | Geh:1    | Reached skill level 21 in Fighting
 75893 | Geh:7    | Entered Level 7 of Gehenna
 75924 | Geh:1    | Lost dexterity.
 76300 | Geh:7    | Cast into level 3 of the Abyss (hell knight)
 76494 | Geh:7    | Escaped the Abyss
 76627 | Geh:7    | Reached skill level 22 in Fighting
 76685 | Geh:7    | Identified the +7 sceptre of Asmodeus
 76685 | Geh:7    | Noticed Asmodeus
 76699 | Geh:7    | Killed Asmodeus
 76742 | Geh:7    | Got an obsidian rune of Zot
 77091 | Vaults:1 | Bought a potion of agility for 132 gold pieces
 77091 | Vaults:1 | Bought a scroll of amnesia for 115 gold pieces
 77303 | Orc:2    | Bought a wand of paralysis (8) for 54 gold pieces
 77303 | Orc:2    | Bought a potion of agility for 108 gold pieces
 77471 | D:5      | Bought a scroll of enchant weapon for 232 gold pieces
 77692 | Orc:2    | Bought a ration for 65 gold pieces
 77692 | Orc:2    | Bought a ration for 65 gold pieces
 77692 | Orc:2    | Bought a ration for 65 gold pieces
 78446 | Zot:1    | Entered Level 1 of the Realm of Zot
 78804 | Zot:1    | Identified a scroll of acquirement
 78806 | Zot:1    | Found the +9 scales of the Dragon King {rPois rF+ rC+ MR+}
 78881 | Zot:1    | Noticed an orb of fire
 78886 | Zot:1    | Killed an orb of fire
 78888 | Zot:1    | Reached skill level 23 in Fighting
 79316 | Zot:1    | Reached skill level 15 in Invocations
 81830 | Zot:4    | Reached skill level 24 in Fighting
 81856 | Zot:4    | Reached skill level 15 in Throwing
 83448 | Zot:5    | Entered Level 5 of the Realm of Zot
 84045 | Zot:5    | Noticed an orb of fire
 84047 | Zot:5    | Noticed an orb of fire
 84136 | Zot:5    | Killed an orb of fire
 84136 | Zot:5    | Reached skill level 25 in Fighting
 84495 | Zot:5    | Noticed an ancient lich
 84505 | Zot:5    | Killed an ancient lich
 84545 | Zot:5    | Learned a level 1 spell: Summon Butterflies
 84552 | Zot:5    | Learned a level 6 spell: Invisibility
 84567 | Zot:5    | Killed an orb of fire
 84879 | Zot:5    | Noticed an ancient lich
 84887 | Zot:5    | Killed an ancient lich
 84980 | Zot:5    | Noticed an ancient lich
 85139 | Zot:5    | Killed an ancient lich
 85674 | Zot:5    | Noticed an ancient lich
 85674 | Zot:5    | Noticed an ancient lich
 85680 | Zot:5    | Killed an ancient lich
 85683 | Zot:5    | Killed an ancient lich
 85691 | Zot:5    | Reached skill level 26 in Fighting
 86373 | Zot:5    | Got the Orb of Zot
 86923 | D:5      | Noticed Pahor the pandemonium lord
 87073 | D:2      | Reached skill level 27 in Fighting
 87133 | D:$      | Escaped with the Orb!

Skill      XL: |  1  2  3  4  5  6  7  8  9 10 11 12 13 14 15 16 17 18 19 20 21 22 23 24 25 26 27 |
---------------+----------------------------------------------------------------------------------+-----
Conjurations   | 1 2 3 4 5 6 7 8 9 10 | 10.0
Summonings     | 1 2 3 5 7 |  7.0
Spellcasting   | 4 5 7 8 9 10 11 12 13 14 15 16 17 18 20 | 20.0
Stealth        | 2 3 4 5 |  5.0
Translocations | 1 2 3 4 |  4.0
Fighting       | 1 2 3 4 5 7 9 11 12 13 14 15 16 17 18 19 20 27 | 27.0
Dodging        | 2 3 4 5 7 8 10 | 10.0
Air Magic      | 1 2 3 4 5 7 |  7.0
Poison Magic   | 1 2 3 |  3.0
Fire Magic     | 1 2 3 |  3.0
Evocations     | 3 4 5 6 7 8 10 12 | 12.0
Invocations    | 4 5 6 7 8 9 11 15 | 15.0
Shields        | 3 5 7 8 9 10 11 12 13 14 15 | 15.0
Hexes          | 3 4 5 9 |  9.5
Armour         | 2 3 4 5 |  5.0
Long Blades    | 2 8 10 12 13 14 15 16 | 16.0
Throwing       | 1 2 5 7 8 10 17 | 17.7
Necromancy     | 4 5 6 7 8 9 |  9.0
Charms         | 2 3 |  3.0
Transmutations | 3 6 8 9 10 11 12 | 12.0
Earth Magic    | 3 6 8 9 10 11 12 14 | 14.0

Action                   |  1- 3 |  4- 6 |  7- 9 | 10-12 | 13-15 | 16-18 | 19-21 | 22-24 | 25-27 || total
-------------------------+-------+-------+-------+-------+-------+-------+-------+-------+-------++-------
Melee: Unarmed           |     9 |       |     4 |       |       |       |       |       |       ||    13
       Rapier            |    10 |    49 |   112 |     7 |       |       |       |       |       ||   178
       Whip              |       |       |    37 |   176 |     4 |       |       |       |       ||   217
       Trident           |       |       |     9 |       |       |       |       |       |       ||     9
       Quarterstaff      |       |       |       |    90 |       |       |       |       |       ||    90
       Scimitar          |       |       |       |    15 |    86 |       |       |       |       ||   101
       Dagger            |       |       |       |     1 |       |     8 |     7 |     5 |       ||    21
       Double sword      |       |       |       |       |   383 |   319 |   367 |   543 |  1407 ||  3019
 Fire: Blowgun           |       |     2 |     3 |       |       |       |       |       |       ||     5
Throw: Stone             |     5 |    12 |       |       |       |       |       |       |       ||    17
       Javelin           |       |     1 |     1 |       |       |       |       |       |       ||     2
       Tomahawk          |       |       |     6 |    12 |    27 |    54 |    49 |       |       ||   148
       Large rock        |       |       |       |       |       |       |     2 |    23 |   139 ||   164
 Cast: Magic Dart        |    87 |   134 |   249 |   260 |    55 |       |       |       |       ||   785
       Call Imp          |       |    30 |   109 |    91 |    11 |       |       |       |       ||   241
       Mephitic Cloud    |       |     4 |    18 |   102 |    76 |    87 |    11 |     2 |     3 ||   303
       Blink             |       |     2 |     8 |     8 |     9 |    14 |     4 |     4 |     9 ||    58
       Conjure Flame     |       |       |    14 |    23 |    60 |    21 |     9 |     2 |       ||   129
       Tukima's Dance    |       |       |       |    63 |    13 |     3 |     2 |       |       ||    81
       Confuse           |       |       |       |    13 |    16 |       |       |       |       ||    29
       Corona            |       |       |       |     2 |     9 |       |       |       |       ||    11
       Summon Lightning  |       |       |       |       |     2 |    59 |    17 |     5 |     2 ||    85
       Bolt of Draining  |       |       |       |       |     2 |    71 |   141 |    35 |    93 ||   342
       Regeneration      |       |       |       |       |       |    29 |    29 |    18 |    86 ||   162
       Irradiate         |       |       |       |       |       |    14 |    32 |    34 |    64 ||   144
       Yara's Violent Un |       |       |       |       |       |     9 |     5 |    23 |     6 ||    43
       Statue Form       |       |       |       |       |       |     8 |    48 |    74 |   183 ||   313
       Animate Dead      |       |       |       |       |       |       |       |     1 |     6 ||     7
       Dispel Undead     |       |       |       |       |       |       |       |       |     9 ||     9
       Lee's Rapid Decon |       |       |       |       |       |       |       |       |    34 ||    34
       Apportation       |       |       |       |       |       |       |       |       |    29 ||    29
       Summon Mana Viper |       |       |       |       |       |       |       |       |    12 ||    12
       Passwall          |       |       |       |       |       |       |       |       |     1 ||     1
       Invisibility      |       |       |       |       |       |       |       |       |     1 ||     1
Invok: Recall Ancestor   |       |       |     2 |    18 |    11 |    17 |    16 |     3 |    20 ||    87
       Ancestor Identity |       |       |     1 |       |       |       |       |       |       ||     1
       Ancestor Life: Ba |       |       |       |     1 |       |       |       |       |       ||     1
       Idealise          |       |       |       |       |       |     6 |     1 |     8 |    17 ||    32
       Transference      |       |       |       |       |       |       |       |     3 |     9 ||    12
 Abil: End Transformatio |       |       |       |       |       |     2 |     6 |     2 |    12 ||    22
Evoke: Wand              |       |       |     3 |    12 |    12 |    12 |       |     4 |     9 ||    52
       Lamp of fire      |       |       |       |       |       |     2 |     1 |     6 |     3 ||    12
       Lightning rod     |       |       |       |       |       |     1 |     4 |    14 |       ||    19
       Sack of spiders   |       |       |       |       |       |       |       |       |     3 ||     3
  Use: Scroll            |       |     5 |     6 |    13 |    11 |    13 |     6 |    13 |    35 ||   102
       Potion            |       |       |     1 |     2 |     1 |     5 |       |     1 |     8 ||    18
 Stab: Sleeping          |       |     1 |     1 |     2 |     1 |       |       |     2 |       ||     7
       Confused          |       |     1 |     4 |    10 |    11 |     6 |       |       |       ||    32
       Distracted        |       |       |     1 |     1 |     7 |     2 |     5 |     7 |    23 ||    46
       Invisible         |       |       |       |       |     4 |     1 |       |       |       ||     5
  Eat: Chunk             |     3 |    12 |    21 |    32 |    27 |    37 |    30 |    27 |    21 ||   210
       Ration            |       |     1 |     2 |       |     1 |     4 |     6 |     3 |    24 ||    41
Armor: Robe              |    10 |    16 |    42 |    82 |       |       |       |       |       ||   150
       Skin              |       |       |     3 |       |       |    42 |   243 |   320 |   916 ||  1524
       Troll leather arm |       |       |       |    21 |   175 |    80 |    31 |     3 |    13 ||   323
Dodge: Dodged            |    22 |    34 |   114 |   130 |    91 |   127 |   164 |   188 |   568 ||  1438
Block: Large shield      |       |       |       |    91 |   304 |       |   197 |   533 |       ||  1125
       Shield            |       |       |       |       |     9 |   230 |   234 |   153 |  1626 ||  2252
       Reflection        |       |       |       |       |       |    23 |    25 |    74 |    36 ||   158
       Rpst.: Scimitar   |       |       |       |     1 |     7 |       |       |       |       ||     8
       Double sword      |       |       |       |       |    16 |    20 |    29 |    29 |    90 ||   184

Levels and vault maps discovered:
D:1:      shiori_shiawase, layout_basic, roderic_cross_of_infinity, tso_altar
D:2:      layout_loops_ring
D:3:      layout_loops_ring, overflow_temple_1_default,
          nicolae_overflow_crystal_walls, serial_rivers,
          chequers_serial_rivers_small_3, chequers_serial_rivers_large_b,
          chequers_serial_rivers_micro_b, chequers_serial_rivers_micro_c,
          chequers_serial_rivers_micro_d, chequers_serial_rivers_room_a,
          chequers_decorated_corner
D:4:      layout_cave_pools, grunt_temple_overflow_gold_and_silver,
          nicolae_dithmenos_the_darkroom, dancing_weapons_uskayaw,
          temple_pool_b, serial_bayou, serial_bayou_pond_a,
          serial_bayou_crossing, serial_bayou_pond_a, serial_bayou_pond_d,
          serial_bayou_pond_e, serial_bayou_pond_a, first_ration, uniq_menkaure,
          uniq_ijyb
D:5:      layout_cave_pools, kennysheep_mini, serial_shops, shop,
          kennysheep_little_box, nicolae_shop_trees
D:6:      minmay_inner_zag, layout_rooms, chequers_big_river
D:7:      layout_gridville, nicolae_ru_awakened_eye
D:8:      layout_loops_ring, marbit_many_paths, grunt_ogre_cave
D:9:      layout_basic, ashenzari_altar_1
D:10:     layout_cave_pods, lair_entry_dummy
D:11:     layout_basic, david_orc_1_choice, kennysheep_crisscross, fountainhead
D:12:     layout_basic, serial_shops, nicolae_shop_competitors_out_of_business,
          uniq_urug, uniq_azrael
D:13:     layout_stronghold
D:14:     layout_loops_corners, lightli_vaults_fourway_checkpoint,
          serial_park_tiny_2
D:15:     grunt_enter_depths_hoard, layout_irregular_city,
          small_statue_intersection, kennysheep_doodads, dispersion_dpeg
Temple:   cyrus_circular_temple
Orc:1:    layout_caves, serial_shops, nicolae_shop_trees
Orc:2:    st_orc_mages, layout_caves, serial_shops, shop,
          nicolae_shop_overgrown_old_shop, shop, nicolae_shop_crystal,
          nicolae_shop_overgrown_old_shop
Elf:1:    eino_elf_arrival_customs, layout_geoelf_octagon,
          minmay_elf_demonology, hangedman_elf_simple_split, uniq_kirke,
          uniq_agnes
Elf:2:    layout_gridlike, trove_entry_hex_spiral
Elf:3:    minmay_elf_hall_quartered_circle, layout_loops_cross,
          dk_noncrumbling_4
Vaults:1: vaults_dpeg_diagonal, v_misc_5, nicolae_vaults_twisting_passages,
          nicolae_vaults_network_periphery, vaults_mumra_hexcomb,
          nicolae_vaults_mini_display_case, ontoclasm_vaults_twist,
          nicolae_vaults_little_squares_4, layout_vaults_omnigrid, serial_shops,
          nicolae_shop_crystal
Vaults:2: vaults_dpeg_encased_lava, vaults_room_pool, ontoclasm_vaults_echo,
          vaults_dpeg_ring, hangedman_vaults_nails, v_alt_pattern_2,
          nicolae_vaults_diagonal_hallway_7, v_pattern_4, vaults_room_door_ring,
          nicolae_vaults_what_the_h, ontoclasm_vaults_ring_small,
          ontoclasm_vaults_pinch, v_alt_pattern_4, layout_vaults_maze_snakey,
          uniq_margery, uniq_boris, uniq_mara
Vaults:3: nicolae_vaults_display_case, minmay_crypt_entry_necro_gods,
          vaults_standard_mumra_lines, v_alt_pattern_5, v_misc_1,
          ontoclasm_vaults_hangar, nicolae_vaults_windows_and_doors_thing,
          vaults_room_fancy_cross, hangedman_vaults_capsules, v_alt_pattern_3,
          layout_vaults_big_cross, serial_shops, shop_statue, uniq_asterion,
          uniq_mennas
Vaults:4: ontoclasm_vaults_eye, v_alt_pattern_2, v_rooms_2,
          nicolae_vaults_disjoint_gnomons, vaults_room_fours,
          nicolae_vaults_octagons, grunt_vaults_hallway_long, v_misc_13,
          vaults_room_door_ring, nicolae_vaults_gold_heap, v_misc_9,
          ontoclasm_vaults_fault, vaults_room_semicircle, layout_vaults_ring
Vaults:5
Crypt:1:  layout_regular_city, st_stairs_3, grunt_ministairs_10, uniq_aizul
Crypt:2:  due_chaos_kobolds, layout_chaotic_city
Crypt:3:  quadcrypt_mu
Depths:1: layout_cross, hell_entry, serial_sigils_hangedman_shear, drop_trap,
          kennysheep_cluttered_room, hangedman_abyss_or_decor_stagger,
          minmay_misc_feat_rows, minmay_misc_feat_cross,
          minmay_misc_feat_columns, minmay_pinched_square
Depths:2: minmay_slanted_spiral_squares, layout_cave_pools,
          grunt_hell_entry_dis_mu, pan_entry, grunt_decor_mini_mirrors,
          hangedman_decor_riveting
Depths:3: grunt_crosshair, layout_honeycomb, serial_sigils,
          serial_sigils_hangedman_scar, serial_sigils_hangedman_shear,
          serial_sigils_hangedman_gnaw, serial_sigils_hangedman_shear,
          serial_sigils_hangedman_stare, rand_demon_pan_entry_1,
          minmay_misc_feat_ornament, hell_entry, tgw_lugonu_bribe, uniq_sojobo
Depths:4: gammafunk_sealed_arena, layout_cave_pools, nicolae_benzene_ring,
          abyss_entry, rand_demon_pan_entry_5, pf_hell_entry_tar_river,
          roderic_lattice_a, minmay_misc_feat_five
Depths:5: evilmike_zot_entry_argh, layout_cave_shapes, enter_ziggurat_a,
          abyss_entry, hell_entry, roderic_roman_lattice
Hell
Geh:1:    layout_gehenna_pools_basic
Geh:2:    layout_gehenna_pools_basic
Geh:3:    layout_gehenna_pools_triple
Geh:4:    layout_gehenna_lava_caves
Geh:5:    layout_gehenna_pools_box, grunt_megastairs_2
Geh:6:    layout_gehenna_pools_triple
Geh:7:    geh_hangedman
Zot:1:    circus_mu, layout_basic
Zot:2:    layout_misc_corridors, grunt_megastairs_4
Zot:3:    layout_onion_interference
Zot:4:    layout_cathedral_of_symmetry, st_stairs_5, grunt_megastairs_5
Zot:5:    layout_onion
Abyss:1
Abyss:2:  hangedman_abyss_or_decor_passed
Abyss:3:  evilmike_abyss_exit_16, evilmike_abyss_exit_9
Abyss:4:  guppyfry_abyss_exit_glass_guarded, hangedman_decor_lopped,
          small_statue_intersection, hangedman_abyss_or_decor_jellyfish_corner,
          hangedman_abyss_stitches_cave, minivault_5,
          hangedman_abyss_feature_spike
Trove:    trove_simple
